 Dungeon Sprint DCSS version 0.30.1-9-gdf580d7c3d (webtiles) character file.

Game seed: 7173133638979951664

11 Heoruswealwe the Covered (level 2, -3/28 HPs)
             Began as a Minotaur Fighter on Sept 29, 2023.
             Killed from afar by a white imp (7 damage)
             ... with a puff of frost
             ... in the Dungeon (Sprint IX: "|||||||||||||||||||||||||||||").
             The game lasted 00:00:33 (31 turns).

Heoruswealwe the Covered (Minotaur Fighter)           Turns: 31, Time: 00:00:34

Health: -3/28      AC:  7    Str: 20    XL:     2   Next: 17%
Magic:  1/1        EV:  9    Int:  5    God:
Gold:   0          SH:  4    Dex:  9    Spells: 1/1 levels left

rFire   . . .        a - +0 trident
rCold   . . .        d - +0 buckler
rNeg    . . .        c - +0 scale mail
rPois   .            (helmet restricted)
rElec   .            (no cloak)
rCorr   .            (no gloves)
SInv    .            (no boots)
Will    .....        (no amulet) Stlth
                     (no ring)
HPRegen 0.24/turn    (no ring)
MPRegen 0.07/turn

%: no teleportation
@: no status effects
A: horns 2, retaliatory headbutt
a: no special abilities


You were in the Dungeon.
You visited 1 branch

Inventory:

Hand Weapons
 a - a +0 trident (weapon)
Armour
 c - a +0 scale mail (worn)
 d - a +0 buckler (worn)
Scrolls
 j - a scroll of blinking
Potions
 b - a potion of might
 e - a potion of curing
 f - a potion of heal wounds
 g - a potion of haste
 i - a potion of berserk rage


   Skills:
 + Level 4.5 Fighting
 * Level 4.4 Polearms
 + Level 4.5 Armour
 - Level 3.6 Shields


You had one spell level left.
You didn't know any spells.
Your spell library was empty.

Dungeon Overview and Level Annotations

Branches:
Dungeon (1/1)

Altars:


Innate Abilities, Weirdness & Mutations

You have a pair of horns on your head.
You reflexively headbutt those who attack you in melee.


Message History

You kill the endoplasm!
You hit the endoplasm. You headbutt the endoplasm.
The endoplasm is severely wounded.
The endoplasm closely misses you.
The endoplasm hits you but does no damage.
You barely miss the endoplasm.
The endoplasm is severely wounded.
The endoplasm barely misses you.
You puncture the endoplasm!
You kill the endoplasm!
There is an open door to the Dungeon here.
You open the door.
A worm, an orc, a white imp, a scorpion and an ufetubus come into view.
The orc shouts!
The white imp shouts!
The ufetubus shouts!
You barely miss the worm. You puncture the worm!
The worm is heavily wounded.
You block the worm's attack.
You hit the worm.
The worm is severely wounded.
The worm bites you!
You hit the worm. You headbutt the worm.
You kill the worm!
Your Polearms skill increases to level 4!
You have reached level 2!
You hit the orc.
The orc is moderately wounded.
The orc barely misses you.
You puncture the orc!
You kill the orc!
The white imp gestures at you. The puff of frost hits you!
You barely miss the white imp. The white imp hits you.
The white imp freezes you.
* * * LOW HITPOINT WARNING * * *
You hit the white imp.
The white imp is lightly wounded.
The white imp gestures at you. The puff of frost hits you!
You die...

▓.▓
▓!▓
▓.▓
▓'▓
▓.▓
▓.▓
▓.▓
▓.▓
▓@▓
▓5▓
▓s▓
▓5▓
▓.▓
▓.▓
▓.▓
▓+▓


You could see a scorpion, a white imp and an ufetubus.

Vanquished Creatures
  A worm (D)
  An orc (D)
  3 endoplasms (D)
  A hobgoblin (D)
  A frilled lizard (D)
7 creatures vanquished.

Notes
Turn   | Place    | Note
-------+----------+-------------------------------------------
     0 | D        | Heoruswealwe the Minotaur Fighter began the quest for the
                  | Orb.
     0 | D        | Reached XP level 1. HP: 19/19 MP: 0/0
    23 | D        | Noticed a scorpion
    28 | D        | Reached XP level 2. HP: 18/28 MP: 1/1
    31 | D        | Killed from afar by a white imp

Illustrated notes

Levels and vault maps discovered:
D:        linesprint [early_d, line_temple, items_1, d_10, items_2, lair_1,
          lair_end, items_3, orc_1, orc_end, items_4, d_15, swamp_1, shoals_1,
          snake_1, spider_1, d_20, vaults_1, items_5, swamp_end, shoals_end,
          snake_end, spider_end, vaults_end, d_27, items_6, zot_1, zot_end,
          crypt_end, forest_end, elf_end, slime_end, tomb_end, abyss_end,
          pan_hell_end]

Skill      XL: |  1 |
---------------+----+-----
Polearms       | 4 |  4.4
Fighting       | 4 |  4.5
Armour         | 4 |  4.5
Shields        | |  3.6

Action                     || total
---------------------------++-------
  Melee: Trident           ||    20
         Headbutt          ||     3
 Armour: Scale mail        ||     3
  Dodge: Dodged            ||     7
  Block: Buckler           ||     1
